 Dungeon Crawl Stone Soup version 0.18-a0-1805-g8ab820f (webtiles) character file.

782 Tarnath the Sneak (level 7, -1/34 HPs)
             Began as a Vine Stalker Assassin on Apr 25, 2016.
             Was a Follower of Dithmenos.
             Killed from afar by Sigmund (9 damage)
             ... with a magic dart
             ... on level 5 of the Dungeon.
             The game lasted 00:14:40 (3876 turns).

Tarnath the Sneak (Vine Stalker Assassin)           Turns: 3876, Time: 00:14:41

Health: -1/34      AC:  4    Str: 14    XL:     7   Next: 86%
Magic:  0/8        EV: 14    Int: 11    God:    Dithmenos [*.....]
Gold:   255        SH:  0    Dex: 17    Spells: 0 memorised, 6 levels left

rFire  . . .     SeeInvis .     a - +2 dagger
rCold  . . .     Gourm    +     c - +0 robe
rNeg   . . .     Faith    .     (no shield)
rPois  .         Spirit   +     (no helmet)
rElec  .         Dismiss  .     d - +1 cloak
rCorr  .         Reflect  .     (no gloves)
SustAt .         Harm     .     (no boots)
MR     .....                    n - amulet of the gourmand
Stlth  ++++......               (no ring)
                                (no ring)

@: wreathed by umbra, drained, not resistant to hostile enchantments, stealthy
A: fangs 2, regeneration 2, magic shield, antimagic bite, no device heal 3, rot
immunity
a: Renounce Religion


You were on level 5 of the Dungeon.
You worshipped Dithmenos.
Dithmenos was aware of your devotion.
You were completely stuffed.

You visited 2 branches of the dungeon, and saw 6 of its levels.

You collected 255 gold pieces.

Inventory:

Hand Weapons
 a - a +2 dagger (weapon)
 b - a +0 blowgun
Missiles
 e - 12 poisoned needles
 f - 11 curare-tipped needles
 r - 5 needles of sleeping
Armour
 c - a +0 robe (worn)
 d - a +1 cloak (worn)
 m - a +1 chain mail of fire resistance
Jewellery
 n - an amulet of the gourmand (around neck)
Wands
 j - a wand of lightning (9/15)
Scrolls
 l - 2 scrolls of magic mapping
 o - 2 scrolls of teleportation
 s - a scroll of remove curse
Potions
 i - a potion of ambrosia {unknown}
 p - 5 potions of curing
 q - a potion of magic {unknown}
 u - 2 potions of might {unknown}
 w - a potion of haste {unknown}
 x - 2 potions of brilliance {unknown}
 z - a potion of agility {unknown}
 A - 2 potions of berserk rage
Comestibles
 g - 4 bread rations
 h - 3 beef jerkies
 t - 5 chunks of flesh
 v - a slice of pizza


   Skills:
 - Level 1.7(1.6) Fighting
 * Level 4.6(4.4) Short Blades
 + Level 3.0(2.8) Throwing
 * Level 3.5(3.4) Dodging
 * Level 7.9(7.7) Stealth


You had 6 spell levels left.
You didn't know any spells.

Dungeon Overview and Level Annotations

Branches:
Dungeon (5/15)             Temple (1/1) D:4

Altars:
Ashenzari
Dithmenos
Fedhas
Gozag
Kikubaaqudgha
Makhleb
Okawaru
Pakellas
Qazlal
Sif Muna
Trog
Xom

Annotations:
D:5 Sigmund


Innate Abilities, Weirdness & Mutations

You have extremely sharp teeth.
You heal very quickly.
When hurt, damage is shared between your health and your magic reserves.
Your bite disrupts and absorbs the magic of your enemies.
Potions and wands cannot restore your health.
You are immune to rotting.


Message History

The puff of flame hits you!
* * * LOW HITPOINT WARNING * * *
Things that are here:
a dagger; an orc corpse
Items here: ( ) [ † an enchanted mace; 2 tomahawks; a leather armour; an orc corpse Read which item? (? for menu, Esc to quit)
As you read the scroll labeled XEATA NABBUONY, it crumbles to dust.
It is a scroll of enchant armour.
Enchant which item? (? for menu, Esc to quit)
Your +0 cloak glows green for a moment.
Something hits you!
* * * LOW HITPOINT WARNING * * *
Something barely misses you.
You hear some strange, mumbled words.
Something tries to affect you, but you resist.
You feel yourself speed up.
You see here 15 gold pieces.
A magic dart appears from out of thin air!
The magic dart hits you!
You die...

## # # .# ###
###########.###.#
..#
#.)).............
#.#
#.#######$#.#####
# #.# #.# #.# #
#.###.# #)# #@#
###)..... #.# #.#
......... #.. #.#
#######.# #.. #.#
#.# ##.# #.# #..
.# #.# ### =# #.#
# #.# #
.######.## #


There were no monsters in sight!

Vanquished Creatures
  A sky beast (D:5)
  A centaur (D:4)
  3 scorpions
  A crimson imp (D:5)
  A giant frog skeleton (D:5)
  An orc priest (D:4)
  An orc wizard (D:5)
  An iguana (D:4)
  6 worker ants
  4 adders (D:3)
  4 gnolls (D:2)
  An ooze (D:3)
  A worm (D:2)
  2 dart slugs
  3 giant geckos
  9 orcs
  3 giant cockroaches
  5 goblins
  11 hobgoblins
  9 jackals
  6 kobolds
  3 quokkas
  A ball python (D:2)
  7 bats
  5 giant newts
  8 rats
98 creatures vanquished.

Notes
Turn   | Place    | Note
--------------------------------------------------------------
     0 | D:1      | Tarnath the Vine Stalker Assassin began the quest for the Orb.
     0 | D:1      | Reached XP level 1. HP: 11/11 MP: 2/2
   117 | D:1      | Reached skill level 5 in Stealth
   144 | D:1      | Reached skill level 1 in Dodging
   144 | D:1      | Reached XP level 2. HP: 8/15 MP: 3/3
   820 | D:1      | Reached XP level 3. HP: 18/18 MP: 4/4
  1480 | D:2      | Reached XP level 4. HP: 19/23 MP: 5/5
  1606 | D:2      | Reached skill level 6 in Stealth
  2004 | D:3      | Reached XP level 5. HP: 17/26 MP: 4/6
  2641 | D:4      | Found a staircase to the Ecumenical Temple.
  2647 | Temple   | Entered the Ecumenical Temple
  2691 | Temple   | Became a worshipper of Dithmenos the Shadowed
  2782 | D:4      | Gained mutation: You heal very quickly. [Vine Stalker growth]
  2782 | D:4      | Reached XP level 6. HP: 27/30 MP: 5/7
  3173 | D:4      | Reached skill level 7 in Stealth
  3310 | D:4      | Reached XP level 7. HP: 18/34 MP: 6/8
  3487 | D:5      | Entered Level 5 of the Dungeon
  3855 | D:5      | Reached * piety under Dithmenos
  3856 | D:5      | Noticed Sigmund
  3876 | D:5      | Killed from afar by Sigmund

Vault maps used:
D:1:      evilmike_arrival_grusome_pit, minmay_misc_feat_doors,
          grunt_decor_mini_mirrors
D:3:      serial_corexii_hall, corexii_hall_statues_i, corexii_hall_statues_x
D:4:      minmay_temple_entry_hall
D:5:      first_bread, uniq_grinder, uniq_sigmund
Temple:   circular_temple_12

Skill      XL: |  1  2  3  4  5  6  7 |
---------------+----------------------+-----
Stealth        | 5 6 7 |  7.9
Short Blades   | 2 3 4 |  4.6
Dodging        | 1 2 3 |  3.5
Throwing       | 2 3 |  3.0
Fighting       | |  1.7

Action                   |  1- 3 |  4- 6 |  7- 9 || total
-------------------------+-------+-------+-------++-------
Melee: Dagger            |   124 |   170 |    80 ||   374
       Bite              |    32 |    42 |    26 ||   100
 Fire: Blowgun           |     8 |     1 |       ||     9
  Use: Scroll            |       |    11 |     2 ||    13
 Stab: Sleeping          |     6 |    10 |     6 ||    22
       Distracted        |     1 |       |       ||     1
  Eat: Chunk             |    13 |     5 |     4 ||    22
Armor: Robe              |    29 |    19 |     6 ||    54
       Chain mail        |       |     3 |       ||     3
Dodge: Dodged            |   104 |   108 |    26 ||   238
